 Dungeon Crawl Stone Soup version 0.25.1-2-g60ff931df9 (webtiles) character file.

Game seed: 13809804953352496066

345 Luthien the Conjurer (level 6, -17/32 HPs)
             Began as a Deep Elf Conjurer on Aug 17, 2020.
             Demolished by a two-headed ogre
             ... wielding a +0 giant club
              (22 damage)
             ... on level 4 of the Dungeon.
             The game lasted 00:13:07 (4837 turns).

Luthien the Conjurer (Deep Elf Conjurer)            Turns: 4837, Time: 00:13:08

Health: -17/32     AC:  2    Str:  5    XL:     6   Next: 32%
Magic:  8/16       EV: 14    Int: 22    God:
Gold:   155        SH:  5    Dex: 15    Spells: 13/16 levels left

rFire    x . .     SeeInvis .   p - +0 hand axe (freeze)
rCold    + . .     Gourm    .   (no shield)
rNeg     . . .     Faith    .   a - +0 robe
rPois    .         Spirit   .   (no helmet)
rElec    .         Reflect  +   (no cloak)
rCorr    .         Harm     .   (no gloves)
MR       .....                  (no boots)
Stlth    +++.......             r - amulet of reflection
HPRegen  0.10/turn              s - ring of ice
MPRegen  0.15/turn              (no ring)

@: no status effects
A: no striking features
a: no special abilities


You were on level 4 of the Dungeon.
You were not hungry.

You visited 1 branch of the dungeon, and saw 4 of its levels.

You collected 155 gold pieces.

Inventory:

Hand Weapons
 e - a +0 dagger
 g - a +0 halberd
 h - a +0 hand axe
 k - a +0 dagger
 p - a +0 hand axe of freezing (weapon)
 x - a +2 hunting sling of flaming
Missiles
 i - 146 stones (quivered)
 j - 35 arrows
 l - 7 boomerangs
 A - 5 javelins
 D - 11 poisoned darts
Armour
 a - a +0 robe (worn)
 q - a +0 robe
 w - a +0 leather armour
 y - a +0 scale mail
 z - a +0 scale mail
 C - a +0 chain mail
Jewellery
 r - an amulet of reflection (around neck)
 s - a ring of ice (left hand)
 B - an uncursed amulet of regeneration {unknown}
Scrolls
 d - 4 scrolls of identify {unknown}
 f - 5 scrolls of remove curse {unknown}
 m - 2 scrolls of amnesia {unknown}
 t - 2 scrolls of random uselessness {unknown}
 F - a scroll of magic mapping {unknown}
Potions
 b - 2 potions of curing {unknown}
 n - a potion of stabbing {unknown}
 o - a potion of haste {unknown}
 u - a potion of berserk rage {unknown}
 v - 2 potions of lignification {unknown}
Comestibles
 c - 6 rations


   Skills:
 + Level 0.0 Fighting
 - Level 3.7 Dodging
 - Level 4.0 Stealth
 + Level 5.9 Spellcasting
 + Level 6.0 Conjurations


You had 13 spell levels left.
You knew the following spells:

 Your Spells              Type           Power        Failure   Level  Hunger
a - Magic Dart            Conj           ####         1%          1    None
b - Searing Ray           Conj           ####..       1%          2    None

Your spell library contained the following spells:

 Spells                   Type           Power        Failure   Level  Hunger
 Dazzling Flash           Conj/Hex       ###...       8%          3    #......
 Fulminant Prism          Conj/Hex       ###.......   26%         4    ###....
 Iskenderun's Mystic Bla  Conj/Tloc      ###.....     26%         4    ###....


Dungeon Overview and Level Annotations

Branches:
Dungeon (4/15)
 Temple: D:4-7

Altars:
Kikubaaqudgha

Annotations:
D:1 pending fly


Message History

The two-headed ogre is severely wounded.
You finish channeling your searing ray.
Casting: Searing Ray (safe; 1% risk of failure)
Confirm with . or Enter, or press ? or * to list all spells.
Aiming: Searing Ray (safe; 1% risk of failure)
Press: ? - help, Shift-Dir - straight line, f/p - two-headed ogre
Aim: a two-headed ogre, wielding two +0 giant clubs (severely wounded)
The searing ray hits the two-headed ogre.
The two-headed ogre is severely wounded. (Press . to maintain the ray.)
The two-headed ogre closely misses you.
The two-headed ogre hits you with a +0 giant club!!
Ouch! That really hurt!
* * * LOW HITPOINT WARNING * * *
The searing ray hits the two-headed ogre!
The two-headed ogre is almost dead.
The two-headed ogre misses you.
The two-headed ogre hits you with a +0 giant club!!
Ouch! That really hurt!
You die...

#.........####
##........# ###.(.#
###.##.#.# .......
#>.....# .......
###...## ...O... #...#
....... #...# .......
######...#####.......
#.#.......@O...........
...<.......#######?.##.
#.#........# ...
######...# . #####


You could see a two-headed ogre.

Vanquished Creatures
  An orc priest (D:3)
  An orc wizard (D:3)
  Terence (D:3)
  An iguana (D:4)
  4 adders
  9 gnolls
  A shadow imp (D:4)
  An ooze (D:3)
  A dart slug (D:2)
  3 leopard geckos (D:2)
  12 orcs (D:3)
  7 bats
  5 giant cockroaches
  11 hobgoblins
  4 jackals (D:1)
  10 kobolds
  A quokka (D:3)
  A ball python (D:2)
  4 frilled lizards
  9 goblins
  8 rats
95 creatures vanquished.

Vanquished Creatures (others)
  A kobold (D:3)
1 creature vanquished.

Grand Total: 96 creatures vanquished

Notes
Turn   | Place    | Note
-------+----------+-------------------------------------------
     0 | D:1      | Luthien the Deep Elf Conjurer began the quest for the Orb.
     0 | D:1      | Reached XP level 1. HP: 10/10 MP: 6/6
   137 | D:1      | Reached XP level 2. HP: 15/15 MP: 0/8
   141 | D:1      | Learned a level 2 spell: Searing Ray
   520 | D:1      | Reached XP level 3. HP: 19/19 MP: 2/10
  1851 | D:2      | Reached XP level 4. HP: 23/24 MP: 4/12
  2083 | D:2      | Found an ancient bone altar of Kikubaaqudgha.
  2416 | D:3      | Noticed Terence
  2433 | D:3      | Killed Terence
  2433 | D:3      | Reached skill level 5 in Conjurations
  2850 | D:3      | Reached XP level 5. HP: 28/28 MP: 2/13
  3563 | D:3      | Reached skill level 5 in Spellcasting
  4309 | D:3      | Reached XP level 6. HP: 32/32 MP: 11/16
  4660 | D:4      | Reached skill level 6 in Conjurations
  4823 | D:4      | Noticed a two-headed ogre
  4837 | D:4      | Demolished by a two-headed ogre

Illustrated notes

Levels and vault maps discovered:
D:1:      kennysheep_arrival_seaside, layout_basic
D:2:      layout_basic, overflow_temple_1_default, first_ration, serial_bayou,
          serial_bayou_ford_a, serial_bayou_lagoon_b, serial_bayou_lagoon_a,
          serial_bayou_pond_b, minmay_tromino_v4_a
D:3:      layout_loops_corners, serial_glass, glass_columns_a, glass_columns_b,
          due_unseen_surprise, item_on_display_b, feat_on_display,
          item_on_display_a, uniq_terence
D:4:      minmay_diamond_boxcup, layout_loops_cross, serial_shops,
          nicolae_shop_temple_entry_statues_fountains, nicolae_shop_crystal,
          minmay_snake_closets

Skill      XL: |  1  2  3  4  5  6 |
---------------+-------------------+-----
Stealth        | 3 4 |  4.0
Dodging        | 3 |  3.7
Spellcasting   | 4 5 |  5.9
Conjurations   | 5 6 |  6.0

Action                   |  1- 3 |  4- 6 || total
-------------------------+-------+-------++-------
Melee: Dagger            |     1 |     3 ||     4
       Hand axe          |       |     3 ||     3
 Cast: Magic Dart        |    86 |   111 ||   197
       Searing Ray       |       |    12 ||    12
  Eat: Chunk             |     3 |     9 ||    12
Armor: Robe              |     1 |       ||     1
Dodge: Dodged            |    14 |    21 ||    35
Block: Other             |     2 |     4 ||     6
       Reflection        |       |     1 ||     1
